 Dungeon Sprint DCSS version 0.23.1 (webtiles) character file.

Game seed: 10734573922505422689

9661 wilfster70 the Covert (level 11, -4/89 (91) HPs)
             Began as a Gnoll Enchanter on Mar 8, 2019.
             Was a Priest of Nemelex Xobeh.
             Slain by a 12-headed hydra (7 damage)
             ... while paralysed by a floating eye
             ... in the Dungeon (Sprint I: "Red Sonja").
             The game lasted 00:11:55 (1503 turns).

wilfster70 the Covert (Gnoll Enchanter)             Turns: 1503, Time: 00:11:57

HP:   -4/89 (91)    AC: 11    Str: 12    XL:     11   Next: 50%
MP:   26/26         EV:  2    Int: 20    God:    Nemelex Xobeh [***...]
Gold: 970           SH:  0    Dex: 17    Spells: 26/32 levels left

rFire    . . .     SeeInvis .   a - +1 dagger
rCold    + . .     Gourm    .   (no shield)
rNeg     . . .     Faith    .   x - +0 troll leather armour
rPois    +         Spirit   .   (no helmet)
rElec    .         Reflect  .   u - +1 cloak {rPois}
rCorr    .         Harm     .   p - +0 pair of gloves
MR       .....     NoTele   +   v - +0 pair of boots {run}
Stlth    ++++......             (no amulet)
HPRegen  0.64/turn              w - ring of protection from cold
MPRegen  0.20/turn              q - ring of Ifitwix {+Blink +Fly Dex+2 Stlth-}

@: paralysed, quick
A: distributed training, fangs 1, strong nose
a: Draw Escape, Draw Destruction, Draw Summoning, Triple Draw, Renounce
Religion, Evoke Blink, Evoke Flight


You were in the Dungeon.
You worshipped Nemelex Xobeh.
Nemelex Xobeh was most pleased with you.
You were hungry.

You visited 1 branch You collected 2010 gold pieces.
You spent 1040 gold pieces at shops.

Inventory:

Hand Weapons
 a - a +1 dagger (weapon)
 b - the +8 great sword of Qioluok {slice, +Fly rElec rC- Int+3}
   (You bought it in a shop in the Dungeon)

   It inflicts extra damage upon your enemies.
   It affects your intelligence (+3).
   It makes you vulnerable to cold.
   It insulates you from electricity.
   It lets you fly.
 n - a +0 blowgun
Missiles
 o - 10 curare-tipped needles
Armour
 p - a +0 pair of gloves (worn)
 u - a +1 cloak of poison resistance (worn)
 v - a +0 pair of boots of running (worn)
 x - a +0 troll leather armour (worn)
Jewellery
 q - the ring of Ifitwix (right hand) {+Blink +Fly Dex+2 Stlth-}
   (You bought it in a shop in the Dungeon)

   [ring of dexterity]

   It affects your dexterity (+2).
   It lets you fly.
   It lets you blink.
   It makes you less stealthy.
 t - an uncursed ring of see invisible
 w - a ring of protection from cold (left hand)
Wands
 c - a wand of digging (3)
 r - a wand of random effects (13)
 s - a wand of polymorph (7)
Scrolls
 j - a scroll of blinking
Potions
 e - 3 potions of curing
 f - a potion of heal wounds
 g - a potion of haste
 h - 2 potions of magic
 i - a potion of berserk rage
 k - a potion of brilliance
 m - a potion of invisibility {unknown}
Miscellaneous
 l - a box of beasts
Comestibles
 d - 4 rations
 z - 5 chunks of flesh


   Skills:
 + Level 10.2 Fighting
 + Level 10.5 Short Blades
 + Level 10.2 Long Blades
 + Level 10.2 Axes
 + Level 10.2 Maces & Flails
 + Level 10.2 Polearms
 + Level 10.2 Staves
 + Level 10.2 Slings
 + Level 10.2 Bows
 + Level 10.2 Crossbows
 + Level 10.2 Throwing
 + Level 10.2 Armour
 + Level 11.1 Dodging
 + Level 11.6 Stealth
 + Level 10.2 Shields
 + Level 10.2 Unarmed Combat
 + Level 11.3 Spellcasting
 + Level 8.6 Conjurations
 + Level 10.2 Hexes
 + Level 8.6 Charms
 + Level 8.6 Summonings
 + Level 8.6 Necromancy
 + Level 8.6 Translocations
 + Level 8.6 Transmutations
 + Level 8.6 Fire Magic
 + Level 8.6 Ice Magic
 + Level 8.6 Air Magic
 + Level 8.6 Earth Magic
 + Level 8.6 Poison Magic
 + Level 11.0 Invocations
 + Level 10.2 Evocations


You had 26 spell levels left.
You knew the following spells:

 Your Spells              Type           Power        Failure   Level  Hunger
a - Corona                Hex            ######.      1%          1    None
b - Ensorcelled Hibernat  Hex/Ice        #####.       1%          2    None
c - Confuse               Hex            ######..     1%          3    None

Your spell library contained the following spells:

 Spells                   Type           Power        Failure   Level  Hunger
 Dazzling Spray           Conj/Hex       #####.       1%          3    None
 Tukima's Dance           Hex            ######..     1%          3    None


Dungeon Overview and Level Annotations

Branches:
Dungeon (1/1)

Altars:
Cheibriados
Dithmenos
Elyvilon
Fedhas
Gozag
Hepliaklqana
Kikubaaqudgha
Makhleb
Nemelex Xobeh
Okawaru
Qazlal
Ru
Sif Muna
Trog
Uskayaw
Vehumet
Wu Jian
Xom
Yredelemnul
Zin
The Shining One
Jiyva
Lugonu

Shops:
D *:[:*=:*(%!}:!}[*


Innate Abilities, Weirdness & Mutations

Your experience applies equally to all skills.
You have very sharp teeth.
Your uncanny sense of smell can sniff out nearby items.


Message History

The 12-headed hydra completely misses you.
The 12-headed hydra bites you but does no damage. x3
The 12-headed hydra bites you.
The 12-headed hydra bites you but does no damage. x2
The 12-headed hydra bites you!
* * * LOW HITPOINT WARNING * * *
The 12-headed hydra bites you but does no damage. x2
The floating eye seems to glare at you. The 12-headed hydra bites you.
* * * LOW HITPOINT WARNING * * *
The 12-headed hydra bites you.
* * * LOW HITPOINT WARNING * * *
The 12-headed hydra bites you!
* * * LOW HITPOINT WARNING * * *
The 12-headed hydra bites you but does no damage. x3
The 12-headed hydra bites you.
* * * LOW HITPOINT WARNING * * *
The 12-headed hydra bites you!
You die...
Your body glows slightly and disappears.

#########################
..')..#).#§§÷§§§@G§§§'.$#
∆
..#)..##'#§####§(Dc.##$.+
∆ ###...'.§#§#∆ ##§§c##
### ∆ §§#####..§§#
∆###+#∆∆∆ ∆ §§#..##+####
∆ ∆∆∆ §§'.§# ∆ ∆ §§#..#
∆∆∆ ∆ ####'### ∆ (###.'.#


You could see a 12-headed hydra, a floating eye, 2 friendly yaktaurs and a
friendly +0 hand axe.

Vanquished Creatures
  2 centaur warriors (D)
  Sonja (D)
  A deep troll (D)
  2 unseen horrors (D)
  A lindwurm (D)
  An oklob plant (D)
  2 kobold demonologists (D)
  4 demonic crawlers (D)
  A hornet (D)
  A slime creature (D)
  Sigmund (D)
  2 redbacks (D)
  A yak (D)
  13 hogs (D)
  2 floating eyes (D)
  7 necrophages (D)
  An ogre (D)
  8 jellies (D)
  Ijyb (D)
  2 ballistomycetes (D)
  A ballistomycete spore (D)
55 creatures vanquished.

Vanquished Creatures (others)
  A gargoyle (D)
  A ballistomycete spore (D)
2 creatures vanquished.

Grand Total: 57 creatures vanquished

Notes
Turn   | Place    | Note
-------+----------+-------------------------------------------
     0 | D        | wilfster70 the Gnoll Enchanter began the quest for the Orb.
     0 | D        | Reached XP level 1. HP: 13/13 MP: 6/6
     1 | D        | Noticed Ijyb
    14 | D        | Killed Ijyb
    14 | D        | Reached skill level 1 in Fighting
    14 | D        | Reached skill level 1 in Long Blades
    14 | D        | Reached skill level 1 in Axes
    14 | D        | Reached skill level 1 in Maces & Flails
    14 | D        | Reached skill level 1 in Polearms
    14 | D        | Reached skill level 1 in Staves
    14 | D        | Reached skill level 1 in Slings
    14 | D        | Reached skill level 1 in Bows
    14 | D        | Reached skill level 1 in Crossbows
    14 | D        | Reached skill level 1 in Throwing
    14 | D        | Reached skill level 1 in Armour
    14 | D        | Reached skill level 1 in Shields
    14 | D        | Reached skill level 1 in Unarmed Combat
    14 | D        | Reached skill level 5 in Spellcasting
    14 | D        | Reached skill level 1 in Conjurations
    14 | D        | Reached skill level 1 in Charms
    14 | D        | Reached skill level 1 in Summonings
    14 | D        | Reached skill level 1 in Necromancy
    14 | D        | Reached skill level 1 in Translocations
    14 | D        | Reached skill level 1 in Transmutations
    14 | D        | Reached skill level 1 in Fire Magic
    14 | D        | Reached skill level 1 in Ice Magic
    14 | D        | Reached skill level 1 in Air Magic
    14 | D        | Reached skill level 1 in Earth Magic
    14 | D        | Reached skill level 1 in Poison Magic
    14 | D        | Reached skill level 1 in Invocations
    14 | D        | Reached skill level 1 in Evocations
    14 | D        | Reached XP level 2. HP: 21/22 MP: 8/8
    14 | D        | Reached XP level 3. HP: 25/27 MP: 9/9
    18 | D        | Learned a level 2 spell: Ensorcelled Hibernation
    22 | D        | Learned a level 3 spell: Confuse
   138 | D        | Noticed an ogre
   141 | D        | Killed an ogre
   141 | D        | Reached skill level 5 in Dodging
   141 | D        | Reached XP level 4. HP: 35/35 MP: 5/11
   197 | D        | Noticed Sigmund
   201 | D        | Killed Sigmund
   201 | D        | Reached skill level 5 in Short Blades
   201 | D        | Reached XP level 5. HP: 42/42 MP: 8/14
   201 | D        | Reached XP level 6. HP: 48/48 MP: 8/15
   259 | D        | Found a deep blue altar of Sif Muna.
   260 | D        | Found an ornate altar of the Wu Jian Council.
   261 | D        | Found a radiant altar of Vehumet.
   281 | D        | Found Weutseot's Book Emporium.
   281 | D        | Found an ancient bone altar of Kikubaaqudgha.
   281 | D        | Found a hazy altar of Hepliaklqana.
   281 | D        | Found a stormy altar of Qazlal.
   281 | D        | Found a hide-covered altar of Uskayaw.
   281 | D        | Found a blossoming altar of Fedhas.
   281 | D        | Found a bloodstained altar of Trog.
   281 | D        | Found an iron altar of Okawaru.
   281 | D        | Found a basalt altar of Yredelemnul.
   281 | D        | Found a glowing golden altar of the Shining One.
   281 | D        | Found a snail-covered altar of Cheibriados.
   281 | D        | Found a sacrificial altar of Ru.
   281 | D        | Found a glowing silver altar of Zin.
   281 | D        | Found a shadowy altar of Dithmenos.
   281 | D        | Found a white marble altar of Elyvilon.
   281 | D        | Noticed a yak
   282 | D        | Found an opulent altar of Gozag.
   283 | D        | Killed a yak
   283 | D        | Reached skill level 5 in Fighting
   283 | D        | Reached skill level 5 in Long Blades
   283 | D        | Reached skill level 5 in Axes
   283 | D        | Reached skill level 5 in Maces & Flails
   283 | D        | Reached skill level 5 in Polearms
   283 | D        | Reached skill level 5 in Staves
   283 | D        | Reached skill level 5 in Slings
   283 | D        | Reached skill level 5 in Bows
   283 | D        | Reached skill level 5 in Crossbows
   283 | D        | Reached skill level 5 in Throwing
   283 | D        | Reached skill level 5 in Armour
   283 | D        | Reached skill level 5 in Shields
   283 | D        | Reached skill level 5 in Unarmed Combat
   283 | D        | Reached skill level 5 in Invocations
   283 | D        | Reached skill level 5 in Evocations
   283 | D        | Reached XP level 7. HP: 56/56 MP: 15/17
   299 | D        | Found a sparkling altar of Nemelex Xobeh.
   303 | D        | Became a worshipper of Nemelex Xobeh the Trickster
   315 | D        | Noticed Sonja
   316 | D        | Received a gift from Nemelex Xobeh
   321 | D        | Killed Sonja
   321 | D        | Reached skill level 5 in Conjurations
   321 | D        | Reached skill level 5 in Charms
   321 | D        | Reached skill level 5 in Summonings
   321 | D        | Reached skill level 5 in Necromancy
   321 | D        | Reached skill level 5 in Translocations
   321 | D        | Reached skill level 5 in Transmutations
   321 | D        | Reached skill level 5 in Fire Magic
   321 | D        | Reached skill level 5 in Ice Magic
   321 | D        | Reached skill level 5 in Air Magic
   321 | D        | Reached skill level 5 in Earth Magic
   321 | D        | Reached skill level 5 in Poison Magic
   321 | D        | Reached XP level 8. HP: 36/64 MP: 14/20
   540 | D        | Found Umodd's Assorted Antiques.
   560 | D        | Noticed a deep troll
   564 | D        | Killed a deep troll
   592 | D        | Found Inap's Armour Emporium.
   604 | D        | Reached * piety under Nemelex Xobeh
   619 | D        | Noticed a centaur warrior
   619 | D        | Noticed a centaur warrior
   622 | D        | Killed a centaur warrior
   622 | D        | Reached XP level 9. HP: 72/72 MP: 20/22
   623 | D        | Killed a centaur warrior
   634 | D        | Noticed a hornet
   640 | D        | Killed a hornet
   640 | D        | Reached skill level 10 in Stealth
   650 | D        | Noticed an oklob plant
   652 | D        | Killed an oklob plant
   652 | D        | Reached XP level 10. HP: 80/80 MP: 18/23
   679 | D        | Received a gift from Nemelex Xobeh
   705 | D        | Reached ** piety under Nemelex Xobeh
   707 | D        | Received a gift from Nemelex Xobeh
   711 | D        | Found Furuast's Distillery.
   711 | D        | Found Luce Toe's General Store.
   711 | D        | Found Fokoagaok's Gadget Emporium.
   713 | D        | Found Minteor's Book Boutique.
   713 | D        | Found Feaxeigh's Gadget Shoppe.
   713 | D        | Found Yplonifo's Distillery.
   713 | D        | Found Viguzo's Food Emporium.
   713 | D        | Found Hauli's Weapon Boutique.
   713 | D        | Found Utamm's Assorted Antiques.
   713 | D        | Found Qirphi Cua's Book Shop.
   714 | D        | Found Asull's Jewellery Emporium.
   715 | D        | Found Kaim's General Store.
   715 | D        | Found Lonocs's Book Shoppe.
   716 | D        | Found Buebloul's Antique Armour Shop.
   722 | D        | Bought an uncursed ring of see invisible for 165 gold
                  | pieces
   727 | D        | Noticed an unseen horror
   742 | D        | Reached skill level 10 in Spellcasting
   744 | D        | Killed an unseen horror
   744 | D        | Reached skill level 10 in Dodging
   826 | D        | Bought a glowing cloak for 172 gold pieces
   826 | D        | Bought a pair of glowing boots for 172 gold pieces
   844 | D        | Identified a +0 pair of boots of running (You bought it in
                  | a shop in the Dungeon)
   853 | D        | Noticed an unseen horror
   866 | D        | Killed an unseen horror
   930 | D        | Reached skill level 10 in Invocations
  1018 | D        | Bought the ring of Ifitwix {+Blink +Fly Dex+2 Stlth-} for
                  | 244 gold pieces
  1027 | D        | Received a gift from Nemelex Xobeh
  1188 | D        | Bought an ichor-stained great sword for 287 gold pieces
  1188 | D        | Identified the +8 great sword of Qioluok {slice, +Fly rElec
                  | rC- Int+3} (You bought it in a shop in the Dungeon)
  1207 | D        | Found a viscous altar of Jiyva.
  1207 | D        | Found a corrupted altar of Lugonu.
  1208 | D        | Found a burning altar of Makhleb.
  1208 | D        | Found a shimmering altar of Xom.
  1227 | D        | Reached *** piety under Nemelex Xobeh
  1227 | D        | Noticed a kobold demonologist
  1228 | D        | Noticed a kobold demonologist
  1232 | D        | Paralysed by a floating eye for 3 turns
  1237 | D        | Killed a kobold demonologist
  1244 | D        | Killed a kobold demonologist
  1246 | D        | Paralysed by a floating eye for 4 turns
  1277 | D        | Reached XP level 11. HP: 87/87 MP: 25/25
  1280 | D        | Reached skill level 10 in Short Blades
  1352 | D        | Noticed a lindwurm
  1363 | D        | Killed a lindwurm
  1439 | D        | Reached skill level 10 in Hexes
  1449 | D        | Reached skill level 10 in Fighting
  1449 | D        | Reached skill level 10 in Long Blades
  1449 | D        | Reached skill level 10 in Axes
  1449 | D        | Reached skill level 10 in Maces & Flails
  1449 | D        | Reached skill level 10 in Polearms
  1449 | D        | Reached skill level 10 in Staves
  1449 | D        | Reached skill level 10 in Slings
  1449 | D        | Reached skill level 10 in Bows
  1449 | D        | Reached skill level 10 in Crossbows
  1449 | D        | Reached skill level 10 in Throwing
  1449 | D        | Reached skill level 10 in Armour
  1449 | D        | Reached skill level 10 in Shields
  1449 | D        | Reached skill level 10 in Unarmed Combat
  1449 | D        | Reached skill level 10 in Evocations
  1488 | D        | Received a gift from Nemelex Xobeh
  1493 | D        | Noticed a 12-headed hydra
  1502 | D        | Paralysed by a floating eye for 2 turns
  1503 | D        | HP: 3/89 [12-headed hydra (5)]
  1503 | D        | Slain by a 12-headed hydra

Skill      XL: |  1  2  3  4  5  6  7  8  9 10 11 |
---------------+----------------------------------+-----
Fighting       | 1 3 4 5 6 7 8 9 10 | 10.2
Short Blades   | 3 4 5 6 7 8 9 10 | 10.5
Long Blades    | 1 3 4 5 6 7 8 9 10 | 10.2
Axes           | 1 3 4 5 6 7 8 9 10 | 10.2
Maces & Flails | 1 3 4 5 6 7 8 9 10 | 10.2
Polearms       | 1 3 4 5 6 7 8 9 10 | 10.2
Staves         | 1 3 4 5 6 7 8 9 10 | 10.2
Slings         | 1 3 4 5 6 7 8 9 10 | 10.2
Bows           | 1 3 4 5 6 7 8 9 10 | 10.2
Crossbows      | 1 3 4 5 6 7 8 9 10 | 10.2
Throwing       | 1 3 4 5 6 7 8 9 10 | 10.2
Armour         | 1 3 4 5 6 7 8 9 10 | 10.2
Stealth        | 6 7 8 9 10 11 | 11.6
Shields        | 1 3 4 5 6 7 8 9 10 | 10.2
Unarmed Combat | 1 3 4 5 6 7 8 9 10 | 10.2
Spellcasting   | 5 6 7 8 9 10 11 | 11.3
Conjurations   | 1 2 3 4 5 6 7 8 |  8.6
Charms         | 1 2 3 4 5 6 7 8 |  8.6
Summonings     | 1 2 3 4 5 6 7 8 |  8.6
Necromancy     | 1 2 3 4 5 6 7 8 |  8.6
Translocations | 1 2 3 4 5 6 7 8 |  8.6
Transmutations | 1 2 3 4 5 6 7 8 |  8.6
Fire Magic     | 1 2 3 4 5 6 7 8 |  8.6
Ice Magic      | 1 2 3 4 5 6 7 8 |  8.6
Air Magic      | 1 2 3 4 5 6 7 8 |  8.6
Earth Magic    | 1 2 3 4 5 6 7 8 |  8.6
Poison Magic   | 1 2 3 4 5 6 7 8 |  8.6
Invocations    | 1 3 4 5 6 8 9 10 11 | 11.0
Evocations     | 1 3 4 5 6 7 8 9 10 | 10.2
Dodging        | 5 6 7 8 9 10 11 | 11.1
Hexes          | 6 7 8 9 10 | 10.2

Action                   |  1- 3 |  4- 6 |  7- 9 | 10-12 || total
-------------------------+-------+-------+-------+-------++-------
Melee: Dagger            |    12 |     3 |     6 |    90 ||   111
       Bite              |     1 |       |       |    11 ||    12
       Punch             |       |       |       |     5 ||     5
       Great sword       |       |       |       |    30 ||    30
 Cast: Ensorcelled Hiber |     2 |     2 |     5 |    28 ||    37
       Confuse           |       |       |       |    12 ||    12
 Abil: Draw Summoning    |       |       |       |     2 ||     2
  Use: Scroll            |       |       |       |     1 ||     1
 Stab: Sleeping          |     2 |     3 |     6 |    25 ||    36
       Confused          |       |       |       |     7 ||     7
  Eat: Chunk             |       |       |       |     1 ||     1
Armor: Robe              |     1 |       |       |       ||     1
       Troll leather arm |       |       |     3 |    39 ||    42
Dodge: Dodged            |     6 |     1 |     3 |    78 ||    88
       Rpst.: Great sword |       |       |       |    10 ||    10
